 Dungeon Crawl Stone Soup version 0.13-a0-2960-g2f00e6d (console) character file.

275 Kellhus the Ruinous (level 4, -4/22 HPs)
             Began as a Deep Elf Wizard on Sept 6, 2013.
             Slain by a gnoll
             ... wielding a +0,+0 halberd
              (5 damage)
             ... on Level 3 of the Dungeon.
             The game lasted 00:01:44 (1691 turns).

Kellhus the Ruinous (Deep Elf Wizard)               Turns: 1691, Time: 00:01:44

HP  -4/22        AC  2     Str  4      XL: 4   Next: 19%
MP  15/16        EV 12     Int 24      God:
Gold 194         SH  0     Dex 13      Spells:  1 memorised, 10 levels left

Res.Fire  : . . .   See Invis. : .   (no weapon)
Res.Cold  : . . .   Warding    : .   a - +0 elf robe
Life Prot.: + . .   Conserve   : .   (no shield)
Res.Poison: .       Res.Corr.  : .   b - +0 elf wizard hat
Res.Elec. : .       Clarity    : +   (no cloak)
Sust.Abil.: . .     Spirit.Shd : .   (no gloves)
Res.Mut.  : .       Stasis     : .   (no boots)
Res.Rott. : .       Flight     : .   r - amulet of clarity {unknown}
Saprovore : . . .                    (no ring)
                                     k - ring of positive energy {unknown}

@: glowing, slightly resistant to hostile enchantments, unstealthy
A: no striking features
a: no special abilities


You were on level 3 of the Dungeon.
You were not hungry.

You visited 1 branch of the dungeon, and saw 3 of its levels.

You collected 174 gold pieces.

Inventory:

Armour
 a - a +0 elven robe (worn)
 b - a +0 elven wizard hat (worn)
Comestibles
 d - 2 bread rations
 g - a meat ration
 h - an apple
 q - a pear
Scrolls
 e - a scroll of enchant armour {unknown}
 i - 2 scrolls of enchant weapon II {unknown}
 l - 2 scrolls of teleportation {unknown}
 m - a scroll of fog {unknown}
 o - a scroll of identify {unknown}
 p - 2 scrolls of remove curse {unknown}
 s - a scroll of curse jewellery {unknown}
 v - a scroll of enchant weapon I {unknown}
Jewellery
 k - a ring of positive energy (left hand) {unknown}
 r - an amulet of clarity (around neck) {unknown}
Potions
 f - 4 potions of curing {unknown}
 j - a potion of agility {unknown}
 n - a potion of cure mutation {unknown}
 t - 2 potions of brilliance {unknown}
 u - a potion of paralysis {unknown}
Books
 c - a book of Minor Magic

   Spells                             Type                      Level
   *Magic Dart                        Conjuration                  1
   Blink                              Translocation                2
   Call Imp                           Summoning                    2
   Repel Missiles                     Charms/Air                   2
   Slow                               Hexes                        2
   Conjure Flame                      Conjuration/Fire             3
   Mephitic Cloud                     Conjuration/Poison/Air       3


   Skills:
 - Level 2.4 Dodging
 - Level 2.4 Stealth
 - Level 4.4 Spellcasting
 + Level 4.5 Conjurations
   Level 1.1 Summonings
   Level 1.1 Translocations


You had 10 spell levels left.
You knew the following spells:

 Your Spells              Type           Power        Failure   Level  Hunger
a - Magic Dart            Conj           ####         1%          1    None


Dungeon Overview and Level Annotations

Branches:
Dungeon (3/27)

Altars:


Message History

The magic dart hits the gnoll shaman.
The gnoll shaman is moderately wounded.
An orc comes into view.
The orc shouts!
The goblin barely misses you. The goblin closely misses you.
Found an animal skin and a club.
The orc throws an orcish spear.
The orcish spear hits you! The goblin hits you but does no damage.
You see here an orcish spear.
The orc wields an orcish spear.
The orc hits you with an orcish spear.
The goblin hits you with an orcish club.
The gnoll shaman hits you with a whip.
The gnoll hits you from afar with a halberd.
The orc hits you but does no damage. The gnoll shaman barely misses you.
You see here a club.
The gnoll hits you with a halberd!
* * * LOW HITPOINT WARNING * * *
The gnoll hits you from afar with a halberd.
You die...

############
#>..........
+..)........# #
#.#.......#. ####
#.#g.o###.# ...#
#.ggg.# ...# #.#...#
...# #.#@..# ...#
#g#...#
...###########.#...###
.......................
#########....#$#######
#....#.# #....#.#
#....#.# #....#.#


You could see a gnoll shaman, 2 gnolls, an orc and a goblin.

Vanquished Creatures
  Jessica (D:2)
  2 adders (D:2)
  2 giant geckos
  A giant cockroach (D:1)
  4 hobgoblins
  7 jackals
  2 ball pythons
  4 bats
  A giant newt (D:1)
  7 goblins
  6 kobolds
  4 rats (D:1)
41 creatures vanquished.

Notes
Turn   | Place    | Note
--------------------------------------------------------------
     0 | D:1      | Kellhus, the Deep Elf Wizard, began the quest for the Orb.
     0 | D:1      | Reached XP level 1. HP: 8/8 MP: 7/7
    46 | D:1      | Noticed a spiny worm
    46 | D:1      | Noticed a grizzly bear
    46 | D:1      | Noticed a six-headed hydra
    46 | D:1      | Noticed a wolf
    54 | D:1      | Noticed a salamander
   257 | D:1      | Reached XP level 2. HP: 13/13 MP: 5/10
   893 | D:1      | Reached XP level 3. HP: 17/17 MP: 9/13
  1019 | D:2      | Noticed Jessica
  1024 | D:2      | Killed Jessica
  1473 | D:2      | Reached XP level 4. HP: 18/22 MP: 13/16
  1690 | D:3      | HP: 1/22 [gnoll/halberd (8)]
  1691 | D:3      | Slain by a gnoll

Action                   |  1- 3 |  4- 6 || total
-------------------------+-------+-------++-------
 Cast: Magic Dart        |    77 |    13 ||    90
